 Dungeon Crawl Stone Soup version 0.31.0-11-ge490571c62 (webtiles) character file.

Game seed: 17355527364065548869

1867 qw the Spry (level 8, -3/42 HPs)
             Began as a Spriggan Hunter on Feb 5, 2024.
             Was a Believer of Okawaru.
             Slain by a basilisk (9 damage)
             ... while petrified by a basilisk
             ... on level 6 of the Dungeon.
             The game lasted 00:02:17 (4379 turns).

qw the Spry (Spriggan Hunter)                       Turns: 4379, Time: 00:02:18

Health: -3/42      AC:  2    Str:  7    XL:     8   Next: 90%
Magic:  11/11      EV:  4    Int: 11    God:    Okawaru [**....]
Gold:   93         SH:  0    Dex: 20    Spells: 7/7 levels left

rFire   . . .        a - +3 shortbow
rCold   . . .        (shield currently unavailable)
rNeg    + + +        c - +0 robe
rPois   inf          (helmet restricted)
rElec   .            (no cloak)
rCorr   .            (gloves unavailable)
SInv    +            (boots unavailable)
Will    +....        i - amulet of reflection
Stlth   ++           (no ring)
HPRegen 0.27/turn    (no ring)
MPRegen 0.12/turn

%: reflection
@: petrified, very quick
A: very small, no large weapons, unfitting armour, see invisible, speed 3
a: Renounce Religion, Heroism


You were on level 6 of the Dungeon.
You worshipped Okawaru.
Okawaru was pleased with you.
You visited 2 branches of the dungeon, and saw 7 of its levels.
You also visited: Ossuary.

You collected 580 gold pieces.
You spent 487 gold pieces at shops.


Innate Abilities, Weirdness & Mutations

You are very small and have problems with some larger weapons.
You are too small for most types of armour.
You have supernaturally acute eyesight. (SInv)
You cover ground extremely quickly. (Speed+++)


   Skills:
 - Level 3.8 Fighting
 + Level 7.4 Ranged Weapons
 - Level 15.1 Dodging
 - Level 1.5 Stealth
 + Level 3.5 Invocations


You had 7 spell levels left.
You didn't know any spells.
Your spell library was empty.

Inventory:

Hand Weapons
 a - a +3 shortbow (weapon)
Armour
 c - a +0 robe (worn)
 m - a +0 cloak
 n - a scarf of harm
Jewellery
 i - an amulet of reflection (around neck)
Wands
 k - a wand of roots (14)
Scrolls
 b - 5 scrolls of teleportation
Potions
 d - 3 potions of mutation
 e - 2 potions of haste
 f - 2 potions of heal wounds
 g - 8 potions of curing
 h - a potion of resistance
 j - a potion of enlightenment
 l - a potion of lignification {unknown}

Dungeon Overview and Level Annotations

Branches:
Dungeon (6/15)             Temple (1/1) D:4         Ossuary (visited)

Altars:
Ashenzari
Cheibriados
Elyvilon
Fedhas
Gozag
Hepliaklqana
Kikubaaqudgha
Makhleb
Nemelex Xobeh
Okawaru
Ru
Sif Muna
Trog
Uskayaw
Vehumet
Wu Jian
Yredelemnul
Zin
The Shining One

Shops:
D:1 (   D:4 !!?(


Message History

You destroy the shadow!
Okawaru accepts your kill.
You shoot an arrow. The arrow closely misses the basilisk.
The basilisk completely misses you.
You shoot an arrow. The arrow closely misses the basilisk.
The basilisk bites you!
You shoot an arrow.
The arrow hits the basilisk but does no damage.
The basilisk gazes at you. You resist with almost no effort.
You shoot an arrow. The arrow hits the basilisk.
The basilisk is lightly wounded.
The basilisk bites you!
You shoot an arrow.
The arrow hits the basilisk but does no damage.
The basilisk is lightly wounded.
You block the basilisk's attack.
You shoot an arrow. The arrow hits the basilisk.
The basilisk is lightly wounded.
The basilisk gazes at you.
You are slowing down.
You shoot an arrow.
The arrow hits the basilisk but does no damage.
The basilisk is lightly wounded.
The basilisk bites you! The basilisk gazes at you.
You resist with almost no effort.
Your limbs are stiffening.
You shoot an arrow. The arrow hits the basilisk.
The basilisk is moderately wounded.
The basilisk bites you!
You have turned to stone.
The basilisk barely misses you. The basilisk gazes at you.
You resist with almost no effort. The basilisk bites you!
The basilisk gazes at you. You resist with almost no effort.
The basilisk gazes at you. You resist with almost no effort.
The basilisk bites you!!
You die...

#...#...##.........
+.......#
#...#######........
#.......#
#...####...........
#......##
#.............##.##
#......+.
###...######### #
###...##. #..## .. #+#.
.. #..# #. ......# #
#..# #l##......# # #..#
####@#......# #..#
##.#.##......# #..#
##.#.#.#......# #..#
#.######......#
####..#..##.#.#.#......#
#.....##..........#.#
#......##########.#.#
#.......#.#####.#.%)####
#............))........#


You could see a basilisk.

Vanquished Creatures
  Pikel (D:3)
  A shadow (D:6)
  Menkaure (D:4)
  A lemure (D:3)
  A kobold brigand (D:6)
  2 bullfrogs (D:6)
  A weeping skull (D:6)
  4 scorpions
  5 wights (D:6)
  A hound (D:5)
  A sleepcap (D:5)
  An iguana (D:5)
  Natasha (D:3)
  8 mummies (Ossuary)
  5 adders
  2 white imps (D:6)
  2 ufetubi (D:6)
  2 dart slugs
  A ribbon worm (D:3)
  6 ball pythons
  14 endoplasms
  6 giant cockroaches
  A gnoll zombie (Ossuary)
  3 goblins
  7 hobgoblins
  9 kobolds
  6 quokkas
  5 bats
  3 frilled lizards (D:1)
  2 hobgoblin zombies (Ossuary)
  2 kobold zombies (Ossuary)
  3 orc zombies (Ossuary)
  2 quokka zombies (D:5)
  3 rats
  A spectral orc (D:6)
114 creatures vanquished.

Notes
Turn   | Place    | Note
-------+----------+-------------------------------------------
     0 | D:1      | qw the Spriggan Hunter began the quest for the Orb.
     0 | D:1      | Reached XP level 1. HP: 10/10 MP: 2/2
     0 | D:1      | 0 ||| qw: Version: 0.3-a-160-g6735b56
     0 | D:1      | 0 ||| qw: Game counter: 6376
     0 | D:1      | 0 ||| qw: Melee chars always use a shield: true
     0 | D:1      | 0 ||| qw: God list: Okawaru
     0 | D:1      | 0 ||| qw: Allow faded altars: false
     0 | D:1      | 0 ||| qw: Do Orc after clearing Dungeon:15 true
     0 | D:1      | 0 ||| qw: Do second Lair branch before Depths: true
     0 | D:1      | 0 ||| qw: Lair rune preference: random
     0 | D:1      | 0 ||| qw: Goals: Normal
     0 | D:1      | 0 ||| PLANNING D:1-11
    10 | D:1      | Found Qucopp's Antique Weapon Shoppe.
    17 | D:1      | Reached skill level 3 in Dodging
    43 | D:1      | 43 ||| SHOPLISTING crystal sling (117 gold, have 0).
    43 | D:1      | 43 ||| SHOPLISTING orcbow (63 gold, have 0).
    74 | D:1      | Reached XP level 2. HP: 14/14 MP: 3/3
    86 | D:1      | Reached skill level 4 in Dodging
   465 | D:1      | Reached XP level 3. HP: 18/18 MP: 4/4
   562 | D:1      | 562 ||| READING 3 scrolls labelled CUOGIV SONGU.
   562 | D:1      | 562 ||| IDENTIFYING puce potion
   563 | D:1      | 563 ||| READING 2 scrolls of identify.
   563 | D:1      | 563 ||| IDENTIFYING 2 green potions
   564 | D:1      | 564 ||| DROPPING scroll of butterflies.
   565 | D:1      | 565 ||| DROPPING potion of brilliance.
   566 | D:1      | 566 ||| DROPPING 2 potions of berserk rage.
   680 | D:2      | 680 ||| FLEEEEING.
   681 | D:2      | 681 ||| FLEEEEING.
  1106 | D:2      | Reached XP level 4. HP: 21/22 MP: 5/5
  1186 | D:2      | 1186 ||| READING 2 scrolls of identify.
  1186 | D:2      | 1186 ||| IDENTIFYING pink potion
  1187 | D:2      | 1187 ||| DRINKING potion of experience.
  1187 | D:2      | Reached skill level 15 in Dodging
  1187 | D:2      | Reached XP level 5. HP: 25/25 MP: 6/6
  1188 | D:2      | 1188 ||| READING scroll of identify.
  1188 | D:2      | 1188 ||| IDENTIFYING fuming amethyst potion
  1189 | D:2      | 1189 ||| READING scroll labelled POTIUH YCIHA.
  1192 | D:2      | 1192 ||| DROPPING potion of ambrosia.
  1578 | D:3      | Found a radiant altar of Vehumet.
  1942 | D:3      | 1942 ||| READING scroll labelled OROMATAADI.
  1943 | D:3      | 1943 ||| READING scroll labelled SOICYEDEUWUME.
  1943 | D:3      | 1943 ||| ENCHANTING +0 shortbow.
  1955 | D:4      | Noticed Pikel
  1955 | D:4      | Noticed a lemure
  1955 | D:4      | Noticed a lemure
  1955 | D:4      | Noticed a lemure
  1955 | D:4      | Noticed a lemure
  1956 | D:4      | 1956 ||| ZAPPING wand of flame (19) at 0,4 (Pikel; floor).
  1957 | D:4      | 1957 ||| ZAPPING wand of flame (18) at 0,3 (Pikel; floor).
  1958 | D:4      | 1958 ||| ZAPPING wand of flame (17) at 0,2 (Pikel; floor).
  1959 | D:4      | 1959 ||| STAIRDANCE
  1961 | D:3      | 1961 ||| ZAPPING wand of flame (16) at 1,0 (lemure; floor).
  1962 | D:3      | 1962 ||| ZAPPING wand of flame (15) at 1,0 (lemure; floor).
  1963 | D:3      | 1963 ||| ZAPPING wand of flame (14) at 1,0 (lemure; floor).
  1964 | D:3      | 1964 ||| ZAPPING wand of flame (13) at 1,0 (lemure; floor).
  1965 | D:3      | 1965 ||| ZAPPING wand of flame (12) at 1,0 (lemure; floor).
  1966 | D:3      | 1966 ||| ZAPPING wand of flame (11) at 1,0 (lemure; floor).
  1967 | D:3      | 1967 ||| ZAPPING wand of flame (10) at 1,0 (lemure; floor).
  1968 | D:3      | 1968 ||| ZAPPING wand of flame (9) at 1,0 (lemure; floor).
  1969 | D:3      | 1969 ||| ZAPPING wand of flame (8) at 1,0 (lemure; floor).
  1969 | D:3      | Killed a lemure
  1970 | D:3      | 1970 ||| ZAPPING wand of flame (7) at 0,1 (Pikel;
                  | escape_hatch_up).
  1971 | D:3      | 1971 ||| ZAPPING wand of flame (6) at 0,1 (Pikel;
                  | escape_hatch_up).
  1972 | D:3      | 1972 ||| ZAPPING wand of flame (5) at 0,1 (Pikel;
                  | escape_hatch_up).
  1973 | D:3      | 1973 ||| ZAPPING wand of flame (4) at 0,1 (Pikel;
                  | escape_hatch_up).
  1974 | D:3      | 1974 ||| ZAPPING wand of flame (3) at 0,1 (Pikel;
                  | escape_hatch_up).
  1975 | D:3      | 1975 ||| ZAPPING wand of flame (2) at 0,1 (Pikel;
                  | escape_hatch_up).
  1976 | D:3      | 1976 ||| ZAPPING wand of flame (1) at 0,1 (Pikel;
                  | escape_hatch_up).
  1987 | D:3      | Killed Pikel
  1988 | D:3      | Reached skill level 3 in Fighting
  1988 | D:3      | Reached XP level 6. HP: 13/33 MP: 7/7
  1988 | D:3      | Reached XP level 7. HP: 15/37 MP: 8/8
  2161 | D:4      | Noticed Natasha
  2164 | D:4      | 2164 ||| STAIRDANCE
  2172 | D:3      | Killed Natasha
  2206 | D:4      | Found Luq Fudgh's Distillery.
  2219 | D:4      | Found a staircase to the Ecumenical Temple.
  2220 | D:4      | 2220 ||| PLANNING TEMPLE
  2225 | Temple   | Entered the Ecumenical Temple
  2226 | Temple   | 2226 ||| PLANNING OKAWARU WORSHIP
  2245 | Temple   | Became a worshipper of Warmaster Okawaru
  2246 | Temple   | 2246 ||| PLANNING D:1-11
  2279 | D:4      | Found Qeukydwu's Magic Scroll Shop.
  2287 | D:4      | 2287 ||| BUYING scroll of enchant weapon (75 gold).
  2287 | D:4      | Bought a scroll of enchant weapon for 75 gold pieces
  2287 | D:4      | 2287 ||| BUYING scroll of identify (20 gold).
  2287 | D:4      | Bought a scroll of identify for 20 gold pieces
  2287 | D:4      | 2287 ||| BUYING scroll of identify (20 gold).
  2287 | D:4      | Bought a scroll of identify for 20 gold pieces
  2287 | D:4      | 2287 ||| BUYING scroll of identify (20 gold).
  2287 | D:4      | Bought a scroll of identify for 20 gold pieces
  2287 | D:4      | 2287 ||| SHOPLISTING scroll of identify (20 gold, have 15).
  2287 | D:4      | 2287 ||| SHOPLISTING scroll of teleportation (30 gold, have
                  | 15).
  2287 | D:4      | 2287 ||| READING scroll of enchant weapon.
  2287 | D:4      | 2287 ||| ENCHANTING +1 shortbow.
  2347 | D:4      | Found Mosuckec's Antique Weapon Boutique.
  2378 | D:4      | Found a hide-covered altar of Uskayaw.
  2484 | D:4      | Found a glowing silver altar of Zin.
  2621 | D:4      | Found Xaggoh's Distillery.
  2626 | D:4      | 2626 ||| BUYING 2 potions of curing (72 gold).
  2626 | D:4      | Bought 2 potions of curing for 72 gold pieces
  2626 | D:4      | 2626 ||| SHOPLISTING potion of curing (36 gold, have 15).
  2626 | D:4      | 2626 ||| SHOPLISTING potion of enlightenment (60 gold, have
                  | 15).
  2626 | D:4      | 2626 ||| SHOPLISTING potion of haste (120 gold, have 15).
  2626 | D:4      | 2626 ||| SHOPLISTING potion of mutation (96 gold, have 15).
  2702 | D:4      | Noticed Menkaure
  2710 | D:4      | Killed Menkaure
  2843 | D:4      | 2843 ||| UPGRADING to amulet of reflection.
  2848 | D:4      | 2848 ||| READING 4 scrolls of identify.
  2848 | D:4      | 2848 ||| IDENTIFYING metallic yellow potion
  2849 | D:4      | 2849 ||| READING 3 scrolls of identify.
  2849 | D:4      | 2849 ||| IDENTIFYING white potion
  2850 | D:4      | 2850 ||| READING 2 scrolls of identify.
  2850 | D:4      | 2850 ||| IDENTIFYING scroll labelled QUYNENT LOBO
  2851 | D:4      | 2851 ||| DROPPING potion of invisibility.
  2852 | D:4      | 2852 ||| DROPPING scroll of immolation.
  2872 | D:5      | Entered Level 5 of the Dungeon
  2873 | D:5      | 2873 ||| PLANNING OSSUARY
  2964 | D:5      | Reached skill level 6 in Ranged Weapons
  3051 | D:5      | 3051 ||| READING scroll of enchant weapon.
  3051 | D:5      | 3051 ||| ENCHANTING +2 shortbow.
  3195 | D:5      | Found a blossoming altar of Fedhas.
  3201 | D:5      | 3201 ||| READING scroll of identify.
  3201 | D:5      | 3201 ||| IDENTIFYING scroll labelled ETOXTYACHO
  3206 | D:5      | 3206 ||| READING scroll labelled ROFIXT GOUSUQ.
  3207 | D:5      | 3207 ||| DROPPING scroll of vulnerability.
  3268 | D:5      | Found a sand-covered staircase.
  3280 | Ossuary  | Entered an ossuary
  3289 | Ossuary  | Reached * piety under Okawaru
  3321 | Ossuary  | Reached XP level 8. HP: 42/42 MP: 9/9
  3413 | Ossuary  | Reached skill level 1 in Invocations
  3461 | Ossuary  | 3461 ||| READING 3 scrolls of identify.
  3461 | Ossuary  | 3461 ||| IDENTIFYING black potion
  3462 | Ossuary  | 3462 ||| READING 2 scrolls of identify.
  3462 | Ossuary  | 3462 ||| IDENTIFYING fuming dark potion
  3463 | Ossuary  | 3463 ||| READING scroll of identify.
  3463 | Ossuary  | 3463 ||| IDENTIFYING smoky black potion
  3464 | Ossuary  | 3464 ||| DRINKING 2 red potions.
  3465 | Ossuary  | 3465 ||| DROPPING potion of attraction.
  3490 | D:5      | 3490 ||| PLANNING D:1-11
  3534 | D:4      | 3534 ||| BUYING 2 potions of haste (200 gold).
  3534 | D:4      | Bought 2 potions of haste for 200 gold pieces
  3534 | D:4      | 3534 ||| BUYING potion of curing (30 gold).
  3534 | D:4      | Bought a potion of curing for 30 gold pieces
  3534 | D:4      | 3534 ||| BUYING potion of heal wounds (50 gold).
  3534 | D:4      | Bought a potion of heal wounds for 50 gold pieces
  3534 | D:4      | 3534 ||| SHOPLISTING potion of heal wounds (50 gold, have
                  | 33).
  3534 | D:4      | 3534 ||| SHOPLISTING potion of mutation (80 gold, have 33).
  3914 | D:6      | Found a basalt altar of Yredelemnul.
  4159 | D:6      | Found a hazy altar of Hepliaklqana.
  4258 | D:6      | 4258 ||| RETREEEEATING.
  4260 | D:6      | 4260 ||| RETREEEEATING.
  4264 | D:6      | 4264 ||| RETREEEEATING.
  4266 | D:6      | 4266 ||| RETREEEEATING.
  4268 | D:6      | 4268 ||| RETREEEEATING.
  4269 | D:6      | 4269 ||| RETREEEEATING.
  4270 | D:6      | 4270 ||| RETREEEEATING.
  4271 | D:6      | 4271 ||| RETREEEEATING.
  4272 | D:6      | 4272 ||| RETREEEEATING.
  4274 | D:6      | 4274 ||| RETREEEEATING.
  4283 | D:6      | Reached skill level 3 in Invocations
  4365 | D:6      | Reached ** piety under Okawaru
  4373 | D:6      | HP: 8/42 [basilisk (5)]
  4379 | D:6      | Slain by a basilisk

Levels and vault maps discovered:
D:1:      nzn_arrival_water_spiral, layout_loops_ring, serial_shops,
          nicolae_shop_waterfront
D:2:      layout_basic, ebering_dispersal_statue_hall
D:3:      layout_loops_corners, vehumet_altar_wand_db
D:4:      layout_gridville, mainiacjoe_overflow_24_doors, kennysheep_mini,
          minmay_temple_entry_hall, serial_shops, nicolae_take_the_stairs, shop,
          nicolae_shop_trees, kennysheep_little_box, uniq_pikel, uniq_menkaure,
          uniq_natasha
D:5:      layout_basic, mainiacjoe_overflow_brackets, enter_ossuary_4,
          minivault_14
D:6:      nicolae_cairo_tiling_very_big, layout_basic,
          yredelemnul_forgotten_temple_becter, nicolae_hepliaklqana_hazy_memory,
          minmay_small_thing
Temple:   dshaligram_water_room_temple

Skill      XL: |  1  2  3  4  5  6  7  8 |
---------------+-------------------------+-----
Dodging        | 3 4 15 | 15.1
Ranged Weapons | 5 6 7 |  7.4
Fighting       | 3 |  3.8
Invocations    | 3 |  3.5
Stealth        | |  1.5

Action                     |  1- 3 |  4- 6 |  7- 9 || total
---------------------------+-------+-------+-------++-------
   Fire: Shortbow          |   122 |    40 |   243 ||   405
  Evoke: Wand              |       |    19 |       ||    19
    Use: Scroll            |     2 |     5 |    10 ||    17
         Potion            |       |     1 |     1 ||     2
 Armour: Robe              |    15 |     4 |    22 ||    41
  Dodge: Dodged            |    44 |    41 |    89 ||   174
  Block: Other             |       |       |    17 ||    17

Table legend:
 A = Non-vault XP
 B = Vault XP
 C = Vault XP percentage of total XP
 D = Non-vault monster count
 E = Vault monster count
 F = Vault count percentage of total count
                 A         B        C        D         E       F
            +---------+---------+-------+---------+---------+-------
      Total |    1276 |    1293 |  50.3 |      88 |      25 |  22.1
            +---------+---------+-------+---------+---------+-------
        D:1 |      42 |       0 |   0.0 |      23 |       0 |   0.0
        D:2 |      56 |       0 |   0.0 |      24 |       0 |   0.0
        D:3 |      32 |     654 |  95.3 |      10 |       3 |  23.1
        D:4 |      22 |     172 |  88.7 |       6 |       1 |  14.3
        D:5 |     378 |       2 |   0.5 |       8 |       2 |  20.0
        D:6 |     746 |     316 |  29.8 |      17 |       3 |  15.0
    Ossuary |       0 |     149 | 100.0 |       0 |      16 | 100.0
            +---------+---------+-------+---------+---------+-------
